 Dungeon Crawl Stone Soup version 0.20-a0 (webtiles) character file.

291 dobroeutro the Skirmisher (level 6, 0/50 HPs)
             Began as a Demonspawn Gladiator on Oct 27, 2016.
             Slain by Natasha (5 damage)
             ... on level 3 of the Dungeon.
             The game lasted 00:05:05 (3681 turns).

dobroeutro the Skirmisher (Demonspawn Gladiator)    Turns: 3681, Time: 00:05:06

Health: 0/50       AC:  3    Str: 18    XL:     6   Next: 10%
Magic:  6/6        EV: 13    Int:  9    God:
Gold:   161        SH:  6    Dex: 13    Spells: 0 memorised, 5 levels left

rFire  . . .     SeeInvis .     a - +0 quarterstaff
rCold  . . .     Gourm    .     m - +0 robe (curse)
rNeg   . . .     Faith    .     (shield currently unavailable)
rPois  .         Spirit   .     c - +0 helmet
rElec  .         Reflect  .     (no cloak)
rCorr  .         Harm     .     (no gloves)
MR     .....                    (no boots)
Stlth  +.........               (no amulet)
                                (no ring)
                                i - ring of wizardry

@: slowed, very slow
A: hooves 1, large bone plates 2
a: no special abilities


You were on level 3 of the Dungeon.
You were not hungry.

You visited 1 branch of the dungeon, and saw 3 of its levels.

You collected 161 gold pieces.

Inventory:

Hand Weapons
 a - a +0 quarterstaff (weapon)
Armour
 b - a +0 leather armour
 c - a +0 helmet (worn)
 m - a cursed +0 robe (worn)
 o - a +0 chain mail
Jewellery
 i - a ring of wizardry (left hand)
Scrolls
 e - a scroll of teleportation {unknown}
 h - 5 scrolls of identify {unknown}
 p - 2 scrolls of magic mapping {unknown}
Potions
 f - 2 potions of flight {unknown}
 g - 2 potions of haste {unknown}
 j - a potion of resistance {unknown}
 l - a potion of brilliance {unknown}
 n - a potion of heal wounds {unknown}
 r - a potion of mutation {unknown}
Comestibles
 k - 4 meat rations


   Skills:
 + Level 4.8 Fighting
 + Level 4.7 Staves
 - Level 1.7 Throwing
 - Level 2.6 Dodging


You had 5 spell levels left.
You didn't know any spells.

Dungeon Overview and Level Annotations

Branches:
Dungeon (3/15)

Altars:
Qazlal
Ru

Annotations:
D:3 Natasha


Innate Abilities, Weirdness & Mutations

You have large cloven feet.
You are mostly covered in large bone plates. (SH +6)


Message History

Natasha hisses.
Things that are here:
16 arrows; an uncursed shortbow Natasha stares at you and mumbles some strange words.
You feel yourself slow down. Natasha closely misses you.
Natasha closely misses you. You block Natasha's attack.
You block Natasha's attack.
Natasha stares at you and mumbles some strange words.
The magic dart hits you!
* * * LOW HITPOINT WARNING * * *
Natasha stares at you and mumbles some strange words.
You resist with some effort.
Natasha mumbles some strange words.
Natasha's front paws start to glow.
Natasha misses you. The ogre misses you. You block Natasha's attack.
Natasha claws you.
You die...

####.....(## #..##
#..###..###..##
#...###..)....#
#.....#####..##
###....####..#
###...##...# ####
#..OK...##
...#########.##h..#####
##.......#
#..##@.....#####
####.....#
##.####.<......#
.....#####
#.............# ######
######........# #
#........# ##########


You could see an ogre, Natasha and a kobold.

Vanquished Creatures
  A centaur (D:3)
  3 orc wizards (D:3)
  Terence (D:2)
  Natasha (D:3)
  An adder (D:2)
  An ooze (D:2)
  8 orcs
  2 ball pythons
  10 bats
  A giant cockroach (D:1)
  4 hobgoblins
  9 jackals
  A quokka (D:2)
  3 goblins
  10 kobolds
  4 rats
60 creatures vanquished.

Notes
Turn   | Place    | Note
-------+----------+-------------------------------------------
     0 | D:1      | dobroeutro the Demonspawn Gladiator began the quest for the Orb.
     0 | D:1      | Reached XP level 1. HP: 16/16 MP: 1/1
   209 | D:1      | Gained mutation: You are partially covered in large bone plates. (SH +4) [demonic ancestry]
   209 | D:1      | Reached XP level 2. HP: 21/23 MP: 2/2
  1017 | D:2      | Gained mutation: You have large cloven feet. [demonic ancestry]
  1017 | D:2      | Reached XP level 3. HP: 22/28 MP: 3/3
  1040 | D:2      | Found a stormy altar of Qazlal.
  1104 | D:2      | Noticed Terence
  1111 | D:2      | Killed Terence
  1984 | D:2      | Found a faded altar of an unknown god.
  1984 | D:2      | Found a faded altar of an unknown god.
  1989 | D:2      | Found a faded altar of an unknown god.
  1991 | D:2      | Found a sacrificial altar of Ru.
  1993 | D:2      | Found a faded altar of an unknown god.
  2072 | D:2      | Reached XP level 4. HP: 33/35 MP: 4/4
  2336 | D:3      | Noticed a centaur
  2353 | D:3      | Killed a centaur
  2353 | D:3      | Gained mutation: You are mostly covered in large bone plates. (SH +6) [demonic ancestry]
  2353 | D:3      | Reached XP level 5. HP: 2/42 MP: 5/5
  2680 | D:3      | Found a faded altar of an unknown god.
  3139 | D:3      | Noticed Natasha
  3150 | D:3      | Killed Natasha
  3335 | D:3      | Reached XP level 6. HP: 12/50 MP: 6/6
  3613 | D:3      | Noticed Natasha
  3681 | D:3      | Slain by Natasha

Vault maps used:
D:1:      eino_arrival_druids_welcome, chequers_big_river
D:2:      chequers_temple_overflow_minitemple, serial_forest,
          infiniplex_forest_clump_large, infiniplex_forest_zigzag_1,
          infiniplex_forest_straight_3, infiniplex_forest_end_3,
          infiniplex_forest_lined_room_2, infiniplex_forest_clump_cross,
          grunt_qazlal_sundering, uniq_terence
D:3:      ecumenical_altar_1, uniq_natasha

Skill      XL: |  1  2  3  4 |
---------------+-------------+-----
Staves         | 3 4 |  4.7
Fighting       | 3 4 |  4.8
Throwing       | |  1.7
Dodging        | |  2.6

Action                   |  1- 3 |  4- 6 || total
-------------------------+-------+-------++-------
Melee: Quarterstaff      |    85 |   107 ||   192
       Kick              |     5 |    21 ||    26
Throw: Throwing net      |       |     3 ||     3
 Stab: Sleeping          |     2 |       ||     2
  Eat: Chunk             |     1 |     3 ||     4
       Bread ration      |     1 |       ||     1
Armor: Leather armour    |    20 |       ||    20
       Robe              |     8 |    25 ||    33
Dodge: Dodged            |    77 |    67 ||   144
Block: Other             |    14 |    32 ||    46
